 Dungeon Crawl Stone Soup version 0.21.1-1-g345015f (webtiles) character file.

174533 inmateoo the Brawler (level 17, -18/140 HPs)
             Began as a Barachi Monk on Feb 8, 2018.
             Was an Initiate of Gozag.
             Killed from afar by a shadow dragon (28 damage)
             ... with a bolt of negative energy
             ... on level 1 of the Vaults on Feb 9, 2018.
             The game lasted 01:11:56 (38063 turns).

inmateoo the Brawler (Barachi Monk)                Turns: 38063, Time: 01:11:57

Health: -18/140    AC: 39    Str: 20    XL:     17   Next: 79%
Magic:  30/30      EV:  6    Int: 14    God:    Gozag
Gold:   2048       SH:  5    Dex: 19    Spells: 23/35 levels left

rFire    . . .     SeeInvis +     - Unarmed
rCold    . . .     Gourm    .   n - +0 buckler
rNeg     . . .     Faith    .   S - +8 orange crystal plate armour {Archmagi, Int+3 Clar}
rPois    +         Spirit   .   t - +2 hat {SInv}
rElec    .         Reflect  .   u - +0 cloak
rCorr    .         Harm     .   L - +1 pair of gloves of Hiza {Dex+3}
MR       +++..     Clarity  +   i - +2 pair of boots "Ocsurerch" {rPois}
Stlth    ..........             a - amulet of regeneration
HPRegen  0.73/turn              N - ring of protection from magic
MPRegen  0.22/turn              y - ring of protection from magic

@: marked, heavily drained, slow
A: +LOS, swims, iridescent scales 1, slowness 1, strong 1, strong legs 2
}: 1/15 runes: decaying
a: Hop, Potion Petition, Call Merchant, Bribe Branch, Renounce Religion


You were on level 1 of the Vaults.
You worshipped Gozag.
Gozag was most pleased with you.
You were not hungry.

You visited 6 branches of the dungeon, and saw 29 of its levels.
You also visited: Ice Cave.

You collected 9788 gold pieces.
You spent 1831 gold pieces at shops.
You paid 5909 gold pieces to Gozag.

Inventory:

Armour
 i - the +2 pair of boots "Ocsurerch" (worn) {rPois}
   (You acquired it on level 10 of the Dungeon)

   It protects you from poison.
 n - a +0 buckler (worn)
 t - a +2 hat of see invisible (worn)
 u - a +0 cloak (worn)
 L - the +1 pair of gloves of Hiza (worn) {Dex+3}
   (You found it in an ice cave)

   It affects your dexterity (+3).
 S - the +8 orange crystal plate armour (worn) {Archmagi, Int+3 Clar}
   (You found it on level 5 of the Lair of Beasts)

   It affects your intelligence (+3).
   It protects you against confusion.
Jewellery
 a - an amulet of regeneration (around neck)
 g - an uncursed ring of positive energy
 q - an uncursed ring of resist corrosion
 y - a ring of protection from magic (right hand)
 N - a ring of protection from magic (left hand)
Wands
 j - a wand of paralysis (20)
 o - a wand of polymorph (14)
 w - a wand of random effects (24)
 x - a wand of disintegration (29)
 P - a wand of flame (21)
 R - a wand of iceblast (5)
 T - a wand of enslavement (11)
Scrolls
 d - 5 scrolls of blinking
 h - 8 scrolls of fog
 l - 6 scrolls of amnesia
 r - 12 scrolls of remove curse
 s - 3 scrolls of enchant armour
 v - 4 scrolls of fear
 z - 14 scrolls of identify
 A - 3 scrolls of teleportation
 F - a scroll of silence
Potions
 f - a potion of agility
 m - 2 potions of ambrosia
 p - a potion of cancellation
 B - 12 potions of curing
 C - 3 potions of haste
 D - 4 potions of heal wounds
 E - 3 potions of brilliance
 G - 3 potions of mutation
 H - 5 potions of flight
 I - 6 potions of lignification
 J - a potion of invisibility
 M - 5 potions of magic
 O - 3 potions of resistance
 Q - 4 potions of might
Books
 K - Roxanne's Disquisition on Transmutation
   (You took it off Roxanne on level 4 of the Swamp)

   Spells                             Type                      Level
   a - Beastly Appendage              Transmutation                1
   b - Sticks to Snakes               Transmutation                2
   c - Spider Form                    Transmutation/Poison         3
   d - Statue Form                    Transmutation/Earth          6
   e - Hydra Form                     Transmutation                6
Miscellaneous
 c - a fan of gales
 e - a phial of floods
 k - a lightning rod (1/4)
Comestibles
 b - 17 rations


   Skills:
 + Level 14.3(11.1) Fighting
 + Level 12.8(9.7) Armour
 - Level 10.0(7.0) Dodging
 - Level 1.7(0.0) Stealth
 - Level 4.0(1.5) Shields
 * Level 20.2(16.6) Unarmed Combat
 + Level 9.6(6.7) Spellcasting
 + Level 14.0(10.8) Transmutations
 + Level 3.4(0.9) Earth Magic


You had 23 spell levels left.
You knew the following spells:

 Your Spells              Type           Power        Failure   Level  Hunger
a - Blade Hands           Tmut           ######....   100%        5    ######.
b - Apportation           Tloc           #.....       100%        1    None
c - Statue Form           Tmut/Erth      ####.....    100%        6    #######


Dungeon Overview and Level Annotations

Branches:
Dungeon (15/15)            Temple (1/1) D:6            Lair (6/6) D:9
  Swamp (4/4) Lair:3        Snake (0/4) Lair:3        Slime (0/5) Lair:5
    Orc (2/2) D:12            Elf (0/3) Orc:2        Vaults (1/5) D:14
 Depths (0/5) D:15

Altars:
Ashenzari
Cheibriados
Dithmenos
Elyvilon
Fedhas
Gozag
Hepliaklqana
Kikubaaqudgha
Makhleb
Nemelex Xobeh
Okawaru
Qazlal
Ru
Sif Muna
Trog
Uskayaw
Vehumet
Wu Jian
Xom
Yredelemnul
Zin
The Shining One
Beogh
Jiyva

Shops:
D:7 }   D:15 =[   Orc:2 =:(![%   Swamp:3 [   Vaults:1 *

Annotations:
Lair:5 1 runed door


Innate Abilities, Weirdness & Mutations

Shadows flee at your approach. (+LOS)
You can swim through water.
You cover ground slowly.
You can hop long distances.
You are partially covered in iridescent scales. (AC +2)
Your muscles are strong. (Str +2)


Message History

You completely miss the shadow dragon.
The shadow dragon is lightly wounded.
The shadow dragon bites you but does no damage.
The shadow dragon claws you but does no damage. x2
You are too injured to fight recklessly!
Inscribe which item? (? for menu, Esc to quit)
Okay, then.
You punch the shadow dragon!
The shadow dragon is lightly wounded.
You punch the shadow dragon!
The shadow dragon is moderately wounded.
The shadow dragon breathes negative energy at you.
The bolt of negative energy hits you!
You feel drained.
* * * LOW HITPOINT WARNING * * *
You punch the shadow dragon!
The shadow dragon is moderately wounded.
The shadow dragon breathes negative energy at you.
The bolt of negative energy hits you!
You feel drained.
You die...
Your body crumbles into a pile of gold.

#...........##.......#
#.#.#.#.#.#.##.......#.
#...........##...o♣..'.
#.#.#.#.#.#.##$##..#
#...........##.##♣∩♣
#.#.#.#.#.#.##p##.p#
#.∩)$.......##e##o♣# .
#.#$#$#.#.#.##c#.p# ...
#..).)@.[...##c#o##
....#######D######...######
......D...$$$$...$...p.....
...........[...............
#########.........##########
........#.........#.......
........#.........$.......
........'.........#.......
........#.........#.......


You could see a shadow dragon.

Vanquished Creatures
  Gastronok (Lair:3)
  Frances (D:14)
  Agnes (D:14)
  The ghost of Vodalian the Severer, a journeyman MiBe of Trog (Swamp:2)
  Roxanne (Swamp:4)
  A deep elf sorcerer (Vaults:1)
  A vault warden (Vaults:1)
  4 ironheart preservers (Vaults:1)
  A war gargoyle (D:12)
  A dire elephant (D:15)
  A deep elf annihilator (Vaults:1)
  Snorg (D:13)
  A yaktaur captain (D:12)
  A fire dragon (D:15)
  5 ice dragons
  A rakshasa (Vaults:1)
  11 hydras
  A catoblepas (Lair:3)
  A centaur warrior (D:14)
  A ghost crab (Swamp:4)
  2 death knights
  10 alligators
  2 tengu warriors (D:15)
  3 ogre magi
  14 two-headed ogres
  2 death yaks (Lair:5)
  5 orc high priests (Orc:2)
  3 deep elf knights (Vaults:1)
  A skeletal warrior (Vaults:1)
  An unseen horror (D:15)
  A deep troll (D:14)
  A spriggan druid (Swamp:4)
  A deep elf archer (Vaults:1)
  3 swamp dragons
  A flayed ghost (D:12)
  4 harpies (Vaults:1)
  2 shambling mangroves
  3 ironbrand convokers (Vaults:1)
  12 orc knights
  2 phantasmal warriors (Vaults:1)
  Pikel (D:4)
  A wolf spider (D:15)
  11 ugly things
  2 orc sorcerers (Vaults:1)
  A wolf spider zombie (D:13)
  4 deep elf magi (Vaults:1)
  A salamander (D:15)
  2 manticores
  3 centaur zombies
  6 cyclopes
  A cyclops (shapeshifter) (D:12)
  2 ice statues (IceCv)
  A guardian serpent (D:11)
  4 vault sentinels (Vaults:1)
  6 elephants
  4 black mambas
  2 torpor snails
  A gargoyle (D:14)
  39 spiny frogs
  2 rime drakes
  6 komodo dragons
  6 freezing wraiths
  3 tengu conjurers
  9 ice devils (IceCv)
  2 yaktaurs
  3 efreet
  A polar bear (Lair:4)
  6 trolls
  3 meliai (D:15)
  9 hornets
  13 tyrant leeches
  4 bog bodies
  A dream sheep (Lair:6)
  Grinder (D:4)
  20 blink frogs
  11 slime creatures
  10 hippogriffs
  8 spriggans
  4 wyverns
  2 wraiths
  30 yaks
  Eustachio (D:4)
  3 hogs (Lair:6)
  3 basilisks
  A steam dragon (D:8)
  3 swamp worm simulacra (Swamp:4)
  22 vampire mosquitoes
  2 wargs
  15 swamp worms
  An acid dragon (shapeshifter) (Vaults:1)
  6 insubstantial wisps (Swamp:4)
  15 hydra simulacra (Swamp:4)
  3 nagas (Lair:3)
  The ghost of shakethe the Firebug, an amateur GrFE (D:3)
  11 water moccasins
  Duvessa (D:6)
  10 porcupines
  5 ice beasts
  5 sky beasts
  A black bear (shapeshifter) (D:14)
  43 orc warriors
  5 swamp drakes
  An ice dragon simulacrum (Vaults:1)
  A black bear (D:6)
  3 necrophages
  8 wolves
  A hornet zombie (D:13)
  A slave (D:4)
  An eye of draining (D:14)
  18 ogres
  5 phantoms
  7 centaurs
  16 crocodiles
  Blork the orc (D:4)
  24 bullfrogs
  Dowan (D:6)
  6 killer bees (D:8)
  5 scorpions
  A howler monkey (D:4)
  8 wights
  4 electric eels
  8 crimson imps
  A bullfrog zombie (D:13)
  A human simulacrum (Vaults:1)
  5 quasits
  7 centaur skeletons
  4 hounds
  6 jellies
  33 orc priests
  5 human zombies (D:8)
  2 bullfrog skeletons
  Ijyb (D:3)
  2 human skeletons (D:8)
  5 iguanas
  22 orc wizards
  7 worker ants
  2 mummies (D:8)
  2 hound skeletons
  A worker ant zombie (D:5)
  13 gnolls
  11 adders
  2 shadow imps (D:6)
  9 white imps
  4 ufetubi (IceCv)
  An ooze (D:1)
  4 swamp drake simulacra (Swamp:4)
  An adder zombie (D:6)
  2 worms
  A dart slug (D:1)
  3 leopard geckos
  82 orcs
  6 giant cockroaches
  8 hobgoblins
  6 jackals
  9 kobolds
  2 quokkas
  A ball python (D:5)
  6 bats
  2 frilled lizards
  A giant cockroach zombie (D:6)
  10 goblins
  2 quokka skeletons
  A quokka zombie (D:6)
  8 rats
  A plant (Lair:6)
935 creatures vanquished.

Vanquished Creatures (collateral kills)
  An orc knight (Orc:2)
  2 ice devils (IceCv)
  An orc warrior (Orc:2)
  An orc wizard (Orc:2)
  An orc priest (Orc:2)
  3 orcs
9 creatures vanquished.

Vanquished Creatures (others)
  Kirke (Lair:6)
  A reaper (IceCv)
  A deep elf archer (Vaults:1)
  A hippogriff (Lair:3)
  3 humans (Lair:6)
  Menkaure (D:4)
  2 swamp worms (Swamp:4)
  2 slaves (D:4)
  A howler monkey (D:4)
  A centaur skeleton (D:4)
  5 white imps (IceCv)
  2 ufetubi (IceCv)
  A ball python (D:4)
  2 giant cockroaches (D:4)
  A frilled lizard (D:4)
  11 fungi
  40 plants
76 creatures vanquished.

Grand Total: 1020 creatures vanquished

Notes
Turn   | Place    | Note
-------+----------+-------------------------------------------
     0 | D:1      | inmateoo the Barachi Monk began the quest for the Orb.
     0 | D:1      | Reached XP level 1. HP: 18/18 MP: 1/1
   414 | D:1      | Reached XP level 2. HP: 14/24 MP: 2/2
   639 | D:1      | Reached skill level 4 in Unarmed Combat
   875 | D:1      | Reached XP level 3. HP: 22/29 MP: 3/3
  1249 | D:2      | Reached skill level 5 in Unarmed Combat
  1617 | D:2      | Reached XP level 4. HP: 8/36 MP: 4/4
  2645 | D:3      | Noticed shakethe's ghost (amateur GrFE)
  2654 | D:4      | Noticed Pikel
  2654 | D:4      | Noticed a slave
  2654 | D:4      | Noticed a slave
  2657 | D:4      | Noticed a slave
  2663 | D:4      | Killed a slave
  2666 | D:4      | Noticed a slave
  2680 | D:4      | Killed Pikel
  2680 | D:4      | Reached skill level 8 in Unarmed Combat
  2680 | D:4      | Reached XP level 5. HP: 10/41 MP: 2/5
  2680 | D:4      | Reached XP level 6. HP: 11/47 MP: 2/6
  2680 | D:4      | Reached XP level 7. HP: 13/52 MP: 2/7
  2857 | D:4      | Killed Menkaure
  3001 | D:4      | Reached skill level 9 in Unarmed Combat
  3179 | D:4      | Killed a freed slave
  3287 | D:4      | Noticed Grinder
  3297 | D:4      | Killed Grinder
  3297 | D:4      | Reached skill level 1 in Armour
  4064 | D:3      | Killed shakethe's ghost
  4064 | D:3      | Reached XP level 8. HP: 28/61 MP: 3/8
  4540 | D:3      | Found a stormy altar of Qazlal.
  4542 | D:3      | Noticed Ijyb
  4755 | D:3      | Killed Ijyb
  5206 | D:5      | Entered Level 5 of the Dungeon
  5206 | D:5      | Noticed Eustachio
  5218 | D:4      | Reached skill level 5 in Fighting
  5290 | D:4      | Reached skill level 10 in Unarmed Combat
  5470 | D:4      | Killed Eustachio
  5544 | D:5      | Noticed Blork the orc
  5561 | D:4      | Killed Blork the orc
  6104 | D:5      | Noticed a yak
  6106 | D:5      | Noticed a yak
  6106 | D:5      | Noticed a yak
  6106 | D:5      | Noticed a yak
  6106 | D:5      | Noticed a yak
  6107 | D:5      | Noticed a yak
  6155 | D:4      | Killed a yak
  6155 | D:4      | Reached skill level 5 in Armour
  6155 | D:4      | Reached skill level 11 in Unarmed Combat
  6155 | D:4      | Reached XP level 9. HP: 24/68 MP: 1/9
  6431 | D:5      | Found a hazy altar of Hepliaklqana.
  6651 | D:7      | Gained mutation: You are partially covered in iridescent scales. (AC +2) [potion of mutation]
  6651 | D:7      | Gained mutation: Your muscles are strong. (Str +2) [potion of mutation]
  6651 | D:7      | HP: 2/68 [yak (3)]
  7390 | D:6      | Noticed Duvessa
  7390 | D:6      | Noticed Dowan
  7399 | D:6      | Killed Dowan
  7419 | D:6      | Killed Duvessa
  7419 | D:6      | Reached skill level 12 in Unarmed Combat
  7674 | D:6      | Reached skill level 5 in Dodging
  7775 | D:6      | Reached XP level 10. HP: 61/77 MP: 7/10
  7996 | D:6      | Got a slimy leather armour
  8067 | D:6      | Found a staircase to the Ecumenical Temple.
  8076 | Temple   | Entered the Ecumenical Temple
  8138 | Temple   | Became a worshipper of Gozag Ym Sagoz the Greedy
  8553 | D:7      | Found Zewnutuv's Gadget Emporium.
  8590 | D:7      | Identified the cursed +0 leather armour "Xadgh" {Int+5 Dex+3} (You found it on level 6 of the Dungeon)
  8610 | D:7      | Bought a wand of disintegration (16) for 220 gold pieces
  8656 | D:7      | Found a glowing silver altar of Zin.
  8810 | D:7      | Found a white marble altar of Elyvilon.
  8890 | D:7      | Found a burning altar of Makhleb.
  9370 | D:8      | Found an iron altar of Okawaru.
  9437 | D:8      | Reached skill level 13 in Unarmed Combat
  9486 | D:8      | Found a basalt altar of Yredelemnul.
 10034 | D:8      | Reached skill level 14 in Unarmed Combat
 10340 | D:8      | Reached XP level 11. HP: 84/84 MP: 11/11
 10655 | D:9      | Noticed a two-headed ogre
 10670 | D:9      | Killed a two-headed ogre
 10670 | D:9      | Reached skill level 15 in Unarmed Combat
 10831 | D:9      | Found a shadowy altar of Dithmenos.
 11095 | D:9      | Found a shattered altar of Ashenzari.
 11096 | D:9      | Found a staircase to the Lair.
 11365 | D:9      | Found a sparkling altar of Nemelex Xobeh.
 11510 | D:9      | Noticed a two-headed ogre
 11520 | D:9      | Killed a two-headed ogre
 11580 | D:10     | Entered Level 10 of the Dungeon
 11786 | D:10     | Identified a scroll of acquirement
 11789 | D:10     | Got a pair of warped boots
 11800 | D:10     | Identified the +2 pair of boots "Ocsurerch" {rPois} (You acquired it on level 10 of the Dungeon)
 12049 | D:11     | Noticed a two-headed ogre
 12062 | D:11     | Killed a two-headed ogre
 13577 | D:12     | Found a staircase to the Orcish Mines.
 14022 | D:12     | Noticed a cyclops
 14063 | D:12     | Killed a cyclops
 14369 | D:12     | Noticed a yaktaur captain
 14370 | D:12     | Noticed a war gargoyle
 14372 | D:12     | Noticed a flayed ghost
 14372 | D:12     | Noticed an anaconda
 14372 | D:12     | an anaconda changed into a swamp worm
 14533 | D:12     | Noticed an unseen horror
 15017 | D:12     | Killed a war gargoyle
 15017 | D:12     | Reached skill level 16 in Unarmed Combat
 15017 | D:12     | Reached XP level 12. HP: 94/94 MP: 9/12
 15327 | D:12     | Killed a yaktaur captain
 16081 | D:13     | Noticed a two-headed ogre
 16099 | D:13     | Killed a two-headed ogre
 16324 | D:13     | Reached skill level 10 in Fighting
 16460 | D:13     | Learned a level 5 spell: Blade Hands
 16639 | D:12     | Reached skill level 1 in Transmutations
 16946 | D:13     | Noticed Snorg
 17031 | Lair:1   | Entered Level 1 of the Lair of Beasts
 17095 | Lair:1   | Reached skill level 1 in Spellcasting
 17134 | Lair:1   | Found a frozen archway.
 17175 | IceCv    | Entered an ice cave
 17440 | IceCv    | Killed a reaper
 17695 | IceCv    | Got a pair of bloodstained gloves
 17708 | IceCv    | Identified the +1 pair of gloves of Hiza {Dex+3} (You found it in an ice cave)
 18125 | IceCv    | Gained mutation: You can hop long distances. [Barachi growth]
 18125 | IceCv    | Reached XP level 13. HP: 78/102 MP: 12/16
 19303 | Lair:1   | Reached skill level 17 in Unarmed Combat
 19347 | Lair:1   | Reached skill level 10 in Armour
 20361 | Orc:1    | Entered Level 1 of the Orcish Mines
 20469 | Orc:1    | Reached skill level 5 in Transmutations
 20822 | Orc:1    | Found a roughly hewn altar of Beogh.
 21005 | Orc:2    | Entered Level 2 of the Orcish Mines
 21099 | Orc:2    | Found a staircase to the Elven Halls.
 23421 | Orc:2    | Found Yrezudwe's Weapon Boutique.
 23421 | Orc:2    | Found Noptoabb's Distillery.
 23422 | Orc:2    | Found Siag Kic's Jewellery Boutique.
 23422 | Orc:2    | Found Ceiv's Book Shop.
 23438 | Orc:2    | Bought a potion of magic for 136 gold pieces
 23438 | Orc:2    | Bought a potion of cancellation for 136 gold pieces
 23438 | Orc:2    | Bought a potion of mutation for 136 gold pieces
 23438 | Orc:2    | Bought a potion of lignification for 51 gold pieces
 23438 | Orc:2    | Bought a potion of heal wounds for 85 gold pieces
 23438 | Orc:2    | Bought a potion of magic for 136 gold pieces
 23438 | Orc:2    | Bought a potion of lignification for 51 gold pieces
 23438 | Orc:2    | Bought a potion of curing for 51 gold pieces
 23438 | Orc:2    | Bought a potion of berserk rage for 85 gold pieces
 23534 | Orc:2    | Found a roughly hewn altar of Beogh.
 23607 | Orc:2    | Bought a potion of resistance for 130 gold pieces
 23607 | Orc:2    | Bought a potion of curing for 39 gold pieces
 23960 | Lair:2   | Reached XP level 14. HP: 111/111 MP: 20/20
 25069 | Lair:3   | Found a staircase to the Swamp.
 25284 | Lair:3   | Reached skill level 5 in Spellcasting
 25624 | Lair:3   | Found a staircase to the Snake Pit.
 25829 | Lair:3   | Noticed Gastronok
 25840 | Lair:3   | Killed Gastronok
 25979 | Lair:3   | Reached skill level 18 in Unarmed Combat
 27196 | Lair:5   | Found the +8 orange crystal plate armour {Archmagi, Int+3 Clar}
 27218 | Lair:5   | Found a runed door.
 27218 | Lair:5   | Found a viscous altar of Jiyva.
 27223 | Lair:5   | Found a staircase to the Slime Pits.
 27686 | Lair:5   | Reached skill level 10 in Dodging
 27904 | Lair:6   | Entered Level 6 of the Lair of Beasts
 27951 | Lair:6   | Reached skill level 10 in Transmutations
 28514 | Lair:6   | Reached XP level 15. HP: 113/118 MP: 24/24
 28863 | Lair:6   | Noticed Kirke
 28889 | Lair:6   | Killed Kirke
 29681 | D:13     | Killed Snorg
 29988 | D:14     | Reached skill level 1 in Shields
 30110 | D:14     | Noticed Agnes
 30119 | D:14     | Killed Agnes
 30256 | D:14     | Noticed Frances
 30277 | D:14     | Killed Frances
 30740 | D:14     | Found a gate to the Vaults.
 30971 | D:15     | Entered Level 15 of the Dungeon
 31296 | D:15     | Found a staircase to the Depths.
 31460 | D:15     | Noticed Nessos
 31470 | D:15     | Noticed Nessos
 31470 | D:15     | Nessos changed into Nessos the torpor snail
 31478 | D:15     | Killed Nessos the torpor snail
 31578 | D:15     | Reached XP level 16. HP: 113/129 MP: 25/27
 31693 | D:15     | Found a snail-covered altar of Cheibriados.
 31912 | D:15     | Learned a level 1 spell: Apportation
 32346 | Swamp:1  | Entered Level 1 of the Swamp
 32992 | Swamp:2  | Reached skill level 19 in Unarmed Combat
 33660 | Swamp:2  | Noticed Vodalian's ghost (journeyman MiBe)
 33736 | Swamp:2  | Killed Vodalian's ghost
 34705 | Swamp:4  | Entered Level 4 of the Swamp
 35167 | Swamp:4  | Noticed Roxanne
 35910 | Swamp:4  | Reached XP level 17. HP: 91/138 MP: 29/29
 36289 | Swamp:4  | Killed Roxanne
 36290 | Swamp:4  | Identified Roxanne's Disquisition on Transmutation (You took it off Roxanne on level 4 of the Swamp)
 36302 | Swamp:4  | Learned a level 6 spell: Statue Form
 36585 | Swamp:4  | Got a decaying rune of Zot
 36906 | Orc:2    | Bought an uncursed ring of protection from magic for 375 gold pieces
 37090 | Vaults:1 | Entered Level 1 of the Vaults
 37104 | Vaults:1 | Reached skill level 1 in Earth Magic
 37410 | Vaults:1 | Reached skill level 20 in Unarmed Combat
 37704 | Vaults:1 | Found Kaammir's General Store.
 37717 | Vaults:1 | Bought a ration for 100 gold pieces
 37717 | Vaults:1 | Bought a ration for 100 gold pieces
 38063 | Vaults:1 | Killed from afar by a shadow dragon

Skill      XL: |  1  2  3  4  5  6  7  8  9 10 11 12 13 14 15 16 17 |
---------------+----------------------------------------------------+-----
Unarmed Combat | 4 5 8 9 11 12 14 16 17 18 19 20 | 20.2
Fighting       | 4 5 6 8 9 10 11 12 13 14 | 14.3
Armour         | 2 5 6 7 8 9 10 11 12 | 12.8
Dodging        | 5 6 8 9 10 | 10.0
Transmutations | 3 7 11 12 13 14 | 14.0
Spellcasting   | 2 4 6 7 8 9 |  9.6
Shields        | 3 4 |  4.0
Earth Magic    | 3 |  3.4
Stealth        | |  1.7

Action                   |  1- 3 |  4- 6 |  7- 9 | 10-12 | 13-15 | 16-18 || total
-------------------------+-------+-------+-------+-------+-------+-------++-------
Melee: Unarmed           |    27 |       |   396 |   679 |  1522 |  1333 ||  3957
       Punch             |     2 |       |    19 |    72 |   148 |    21 ||   262
       Dagger            |    60 |    48 |       |       |       |       ||   108
Throw: Tomahawk          |       |       |       |       |     1 |       ||     1
 Cast: Blade Hands       |       |       |       |       |    11 |       ||    11
Invok: Call Merchant     |       |       |       |       |     3 |     3 ||     6
 Abil: Hop               |     2 |     2 |     3 |     5 |     9 |     5 ||    26
Evoke: Wand              |       |     1 |     3 |    39 |    24 |    12 ||    79
       Phial of floods   |       |       |       |     1 |     2 |       ||     3
       Box of beasts     |       |       |       |     1 |       |       ||     1
       Lightning rod     |       |       |       |       |       |     4 ||     4
  Use: Scroll            |       |     9 |       |    16 |    11 |     5 ||    41
       Potion            |       |     1 |     5 |     4 |     2 |     1 ||    13
 Stab: Sleeping          |     4 |       |       |    12 |    10 |       ||    26
       Distracted        |     1 |       |       |     9 |     9 |     8 ||    27
       Invisible         |       |       |       |     6 |       |       ||     6
  Eat: Chunk             |     2 |     4 |     7 |       |       |       ||    13
       Ration            |       |       |     3 |    11 |    15 |     7 ||    36
Armor: Robe              |    14 |     1 |       |       |       |       ||    15
       Scale mail        |       |    12 |   151 |    10 |       |       ||   173
       Leather armour    |       |       |       |   131 |   162 |       ||   293
       Skin              |       |       |       |     1 |       |       ||     1
       Crystal plate arm |       |       |       |       |   587 |   965 ||  1552
Dodge: Dodged            |    57 |    29 |   172 |   394 |   804 |   398 ||  1854
Block: Buckler           |       |       |       |       |       |   190 ||   190
